AoeStats
← blizzopop

Black Forest

510372250Analyzed
3v3 RM · 1d ago on Sep 30, 2026· 100m 15s· 6 players
Game mode
Random Map
Map size
Normal (6 player)
Population
200
Speed
Normal
Resources
Standard
Victory
Conquest
Starting age
Dark Age
Ending age
Imperial Age
RankedLock teamsTeams togetherTeam positionsShared explorationLock speedFull tech treeHidden civsTurbo modeCheats
Victory
Defeat
🇮🇹 Huns · Italy
1203
+17
🇧🇷 Hindustanis · Brazil
1187
+17
🇺🇸 Britons · United States
1145
+19
🇦🇹 Persians · Austria
1228
-18
🇦🇹 Ethiopians · Austria
1225
-18
🇦🇹 Saracens · Austria
1203
-17
blizzopop
11:44 Feudal Age
15:27 Castle Age
25:18 Wheelbarrow
25:34 Crossbowman
28:00 Fletching
28:22 Double-Bit Axe
28:18 Horse Collar
29:42 Bodkin Arrow
32:24 Loom
33:10 Ballistics
42:04 Imperial Age
44:27 Padded Archer Armor
45:43 Hand Cart
46:58 Leather Archer Armor
46:44 Gold Mining
46:55 Heavy Plow
48:20 Elite Skirmisher
49:47 Bow Saw
50:22 Bracer
51:42 Ring Archer Armor
57:01 Chemistry
57:16 Caravan
65:59 Conscription
66:26 Town Watch
67:42 Two-Man Saw
67:18 Gold Shaft Mining
66:34 Stone Mining
71:25 Yeomen
74:10 Town Patrol
78:17 Pikeman
79:05 Elite Longbowman
79:29 Halberdier
82:12 Forging
82:03 Scale Mail Armor
86:00 Warwolf
87:11 Squires
87:29 Chain Mail Armor
87:50 Iron Casting
87:55 Hoardings
87:31 Capped Ram
98:02 Plate Mail Armor
98:33 Blast Furnace
Thiers1789
2:52 Loom
10:44 Feudal Age
19:42 Castle Age
25:25 Double-Bit Axe
29:07 Bloodlines
29:57 Horse Collar
30:08 Gold Mining
30:29 Bow Saw
31:58 Wheelbarrow
31:08 Town Watch
31:38 Husbandry
32:16 Heavy Plow
32:52 Gold Shaft Mining
33:40 Stone Mining
34:26 Forging
34:22 Scale Barding Armor
36:44 Grand Trunk Road
39:21 Imperial Age
40:27 Iron Casting
39:53 Scale Mail Armor
39:44 Fletching
40:44 Hoardings
40:30 Conscription
40:38 Hand Cart
41:52 Chemistry
41:12 Ballistics
41:21 Fortified Wall
41:54 Stone Shaft Mining
41:35 Elite Ghulam
41:59 Heavy Camel Rider
44:17 Blast Furnace
43:36 Chain Mail Armor
44:18 Siege Elephant
47:36 Masonry
47:31 Siege Engineers
49:44 Imperial Camel Rider
51:09 Chain Barding Armor
50:55 Murder Holes
53:37 Plate Barding Armor
58:40 Bodkin Arrow
59:20 Light Cavalry
60:01 Bracer
60:12 Hussar
61:34 Caravan
71:38 Two-Man Saw
91:40 Padded Archer Armor
92:56 Shatagni
93:17 Leather Archer Armor
93:29 Thumb Ring
96:55 Ring Archer Armor
Roger_Max
2:30 Loom
10:45 Feudal Age
17:01 Castle Age
22:17 Husbandry
25:25 Town Watch
26:11 Bloodlines
26:49 Fletching
30:51 Wheelbarrow
35:53 Pikeman
42:13 Imperial Age
39:38 Elite Skirmisher
40:34 Bodkin Arrow
40:44 Scale Barding Armor
41:50 Scale Mail Armor
42:26 Forging
42:35 Halberdier
43:21 Padded Archer Armor
45:13 Conscription
47:07 Ballistics
46:48 Bracer
47:09 Chain Barding Armor
48:32 Light Cavalry
54:44 Double-Bit Axe
54:42 Horse Collar
55:11 Gold Mining
55:16 Stone Mining
55:44 Bow Saw
56:08 Heavy Plow
58:43 Two-Man Saw
58:45 Iron Casting
58:27 Squires
61:40 Blast Furnace
62:24 Chain Mail Armor
64:35 Caravan
71:29 Plate Barding Armor
71:17 Arson
73:23 Marauders
74:03 Leather Archer Armor
74:08 Guilds
73:53 Hussar
79:46 Capped Ram
83:45 Chemistry
82:57 Masonry
84:22 Siege Ram
89:55 Marauders
89:17 Elite Tarkan
Schlosstrunk
7:31 Loom
9:37 Feudal Age
10:21 Double-Bit Axe
13:58 Wheelbarrow
13:42 Fletching
15:55 Padded Archer Armor
22:24 Castle Age
20:59 Gold Mining
20:50 Horse Collar
23:20 Bow Saw
23:07 Bodkin Arrow
22:34 Crossbowman
23:22 Thumb Ring
24:32 Leather Archer Armor
25:44 Ballistics
27:26 Thumb Ring
39:00 Imperial Age
38:09 Hand Cart
37:40 Town Watch
37:58 Heavy Plow
38:30 Stone Mining
40:22 Stone Shaft Mining
39:53 Bracer
42:23 Chemistry
42:20 Stone Shaft Mining
42:47 Ring Archer Armor
44:30 Gold Shaft Mining
44:39 Masonry
45:18 Arbalester
46:44 Conscription
47:42 Fortified Wall
51:56 Two-Man Saw
51:09 Caravan
53:22 Siege Engineers
55:00 Architecture
56:18 Scale Barding Armor
56:24 Forging
58:07 Chain Barding Armor
60:36 Iron Casting
60:03 Scale Mail Armor
61:08 Squires
60:30 Man-at-Arms
62:16 Guilds
61:56 Long Swordsman
63:32 Two-Handed Swordsman
68:32 Halberdier
71:23 Scale Mail Armor
72:00 Iron Casting
72:29 Chain Mail Armor
76:15 Blast Furnace
75:46 Plate Mail Armor
76:57 Arson
81:57 Elite Skirmisher
96:05 Torsion Engines
97:06 Coinage
Kravallo
6:40 Loom
9:22 Feudal Age
10:16 Double-Bit Axe
15:45 Bloodlines
16:53 Scale Barding Armor
18:40 Wheelbarrow
19:35 Forging
21:59 Castle Age
22:11 Forging
23:00 Chain Barding Armor
25:20 Bow Saw
24:54 Horse Collar
30:00 Gold Mining
32:55 Iron Casting
32:27 Husbandry
40:12 Imperial Age
38:33 Stone Mining
39:55 Cavalier
41:38 Plate Barding Armor
43:24 Savar
45:59 Two-Man Saw
50:14 Heavy Plow
50:34 Hand Cart
51:43 Light Cavalry
52:43 Hussar
54:51 Caravan
57:54 Coinage
58:58 Blast Furnace
71:11 Crop Rotation
70:28 Town Watch
79:43 Fletching
79:53 Padded Archer Armor
80:29 Bodkin Arrow
82:18 Thumb Ring
81:34 Crossbowman
82:32 Leather Archer Armor
82:55 Ballistics
83:08 Conscription
83:02 Kamandaran
88:27 Ring Archer Armor
VooDooGoo
2:01 Loom
10:36 Feudal Age
14:55 Castle Age
15:08 Double-Bit Axe
34:23 Imperial Age
37:04 Scale Barding Armor
39:47 Conscription
39:53 Forging
39:56 Elite Skirmisher
40:28 Fletching
42:21 Thumb Ring
42:14 Bodkin Arrow
42:39 Chain Barding Armor
43:29 Padded Archer Armor
43:33 Capped Ram
45:13 Bimaristan
45:05 Bracer
45:27 Ballistics
46:43 Leather Archer Armor
51:11 Elite Mameluke
53:48 Horse Collar
56:45 Caravan
59:11 Chemistry
63:15 Siege Ram
67:23 Onager
69:40 Bow Saw
70:47 Light Cavalry
71:38 Bloodlines
71:27 Hussar
72:08 Husbandry
72:10 Scale Mail Armor
72:46 Plate Barding Armor
72:49 Iron Casting
72:38 Siege Onager
74:09 Fortified Wall
73:37 Heavy Camel Rider
75:51 Counterweights
79:44 Blast Furnace
79:43 Man-at-Arms
80:09 Gambesons
80:25 Squires
80:27 Scale Mail Armor
80:57 Ring Archer Armor
82:47 Long Swordsman
83:20 Two-Handed Swordsman
84:40 Champion
85:37 Chain Mail Armor
88:34 Plate Mail Armor
93:49 Theocracy
Connection lost

Rejoining the realm…

Still unreachable

The connection could not be restored.

Session expired

The server has moved on; the page needs a fresh start.